Map: Automaton LE

Players

exe

  • Race: Zerg Zerg
  • League: Master
  • Spawn Location: 9:00

kemachi - Winner!

  • Race: Zerg Zerg
  • League: Master
  • Spawn Location: 3:00

VOD

Have the link to the VOD?

Description

Time

  • Played on: April 14, 2019, 12:10 p.m.
  • Length: 24:50
Show
View Real Time Build Order
Export as new Build Order

exe Zerg 

Build Orders: Hatch First, Lurkers, Zergling Baneling 

Get SALT Encoding   

  12  0:01  Drone  
  13  0:13  Overlord  
  13  0:18  Drone  
  14  0:24  Extractor  
  14  0:25  Drone  
  15  0:31  Drone  
  16  0:36  Drone  
  17  0:45  Drone  
  18  1:05  Hatchery  
  18  1:07  Extractor  
  16  1:26  Drone x3  
  16  1:27  Spawning Pool  
  18  1:37  Drone  
  19  1:47  Drone  
  20  1:58  Drone  
  21  2:14  Metabolic Boost  
  21  2:16  Queen  
  21  2:17  Queen  
  21  2:21  Spine Crawler  
  21  2:22  Zergling x2  
  25  2:23  Zergling x2  
  25  2:26  Zergling x2  
  27  2:34  Drone  
  29  2:52  Overlord x2  
  29  3:07  Baneling Nest  
  29  3:10  Zergling x2  
  29  3:11  Zergling x8  
  33  3:15  Zergling x2  
  34  3:23  Zergling x4  
  34  3:26  Zergling x2  
  34  3:27  Zergling x4  
  38  3:33  Zergling x6  
  42  3:37  Zergling x2  
  42  3:38  Zergling x2  
  44  3:47  Overlord  
  43  4:06  Baneling x3  
  43  4:07  Drone x2  
  43  4:08  Drone x5  
  46  4:19  Baneling  
  46  4:20  Baneling x4  
  40  4:25  Drone x3  
  39  4:45  Zergling x6  
  37  4:46  Zergling x2  
  37  4:48  Spine Crawler  
  37  4:51  Zergling x4  
  40  4:55  Roach Warren  
  40  4:57  Zergling x2  
  40  4:59  Evolution Chamber  
  39  5:04  Baneling  
  39  5:07  Baneling x2  
  39  5:15  Baneling  
  35  5:28  Zergling x6  
  35  5:32  Zergling x10  
  39  5:41  Zergling x8  
  31  5:54  Baneling x2  
  31  6:00  Drone  
  31  6:01  Drone x7  
  31  6:02  Drone  
  40  6:07  Spine Crawler  
  40  6:08  Spine Crawler  
  28  6:23  Zergling x6  
  28  6:24  Zergling x2  
  31  6:29  Queen x2  
  27  6:33  Zergling x6  
  28  6:48  Zergling x6  
  27  7:12  Drone x3  
  27  7:13  Drone x3  
  28  7:25  Baneling x2  
  19  7:44  Extractor  
  19  7:50  Roach x2  
  22  8:04  Drone x2  
  24  8:12  Drone x4  
  27  8:40  Roach x3  
  32  8:47  Spawning Pool  
  31  8:51  Drone  
  32  8:58  Hatchery  
  31  9:14  Drone x2  
  31  9:15  Extractor  
  32  9:22  Zerg Missile Weapons Level 1  
  32  9:29  Overlord  
  32  9:35  Overlord  
  32  9:46  Lair  
  32  9:49  Drone  
  33  9:57  Drone  
  34  10:09  Drone  
  34  10:11  Drone  
  36  10:16  Drone  
  37  10:24  Drone  
  37  10:27  Drone  
  39  10:32  Zergling x2  
  40  10:38  Drone  
  40  10:42  Drone x2  
  43  10:48  Hydralisk Den  
  39  10:58  Roach x2  
  41  11:17  Hydralisk  
  43  11:23  Overlord x3  
  43  11:24  Lurker Den  
  42  11:44  Hydralisk  
  42  11:45  Hydralisk x4  
  52  11:53  Extractor  
  51  11:54  Extractor  
  51  12:00  Hydralisk  
  51  12:01  Hydralisk  
  50  12:02  Queen  
  44  12:55  Nydus Network  
  44  12:56  Lurker  
  44  12:59  Drone x11  
  55  13:08  Spine Crawler  
  54  13:13  Lurker, Spine Crawler  
  54  13:28  Lurker  
  54  13:29  Lurker  
  56  13:40  Hatchery  
  55  13:42  Lurker  
  55  13:44  Drone x4  
  55  13:45  Drone x5  
  65  13:51  Overseer  
  65  14:11  Spore Crawler  
  65  14:12  Drone x4  
  65  14:13  Spore Crawler  
  65  14:16  Spore Crawler  
  66  14:25  Lurker  
  67  14:34  Spine Crawler, Overlord x2  
  67  14:35  Overlord  
  66  14:38  Spine Crawler  
  65  14:45  Hydralisk  
  65  14:48  Overlord x2  
  67  15:16  Nydus Canal  
  67  15:20  Lurker  
  68  15:22  Hydralisk x4  
  76  15:38  Hydralisk x2  
  76  15:39  Hydralisk x7  
  86  15:59  Hydralisk x2  
  86  16:00  Hydralisk x2  
  87  16:07  Lurker x2  
  82  16:48  Hydralisk  
  82  16:49  Hydralisk x7  
  82  16:51  Hydralisk  
  83  17:02  Hydralisk  
  80  17:09  Spore Crawler  
  80  17:13  Spore Crawler  
  80  17:15  Spore Crawler x2  
  77  17:17  Spine Crawler  
  77  17:18  Spine Crawler  
  77  17:21  Spine Crawler  
  73  17:23  Lurker  
  73  17:26  Hatchery  
  73  17:28  Lurker x3  
  75  17:34  Lurker  
  76  17:42  Drone x3  
  79  17:47  Nydus Canal  
  79  17:58  Lurker  
  79  17:59  Lurker  
  69  18:14  Lurker  
  70  18:20  Overseer  
  70  18:26  Hydralisk x3  
  73  18:42  Drone x6  
  73  18:43  Drone x4  
  83  18:51  Lurker x2  
  83  18:53  Lurker  
  86  18:58  Spine Crawler, Nydus Canal  
  86  18:59  Spine Crawler  
  86  19:01  Spine Crawler  
  83  19:13  Drone x4  
  83  19:14  Drone x3  
  83  19:15  Spore Crawler x2  
  72  19:46  Nydus Canal  
  72  19:50  Hydralisk x3  
  72  19:51  Hydralisk x3  
  79  20:27  Zergling x14  
  79  20:28  Zergling x4  
  80  20:44  Lurker x2  
  82  21:02  Hatchery  
  77  21:22  Zergling x8  
  75  21:36  Nydus Canal  
  75  21:53  Baneling x8  
  67  22:55  Lurker x2  
  67  22:56  Lurker x2  
  67  22:57  Lurker  
  68  23:33  Lurker  
  69  23:39  Nydus Canal  
  69  23:58  Spore Crawler  
  68  24:09  Hydralisk  
  68  24:10  Hydralisk, Spore Crawler  
  68  24:15  Spore Crawler  
  68  24:16  Spore Crawler  
  24  24:39  Nydus Canal  
Show
View Real Time Build Order
Export as new Build Order

kemachi Zerg - Winner!

Build Orders: Pool First 

Get SALT Encoding   

  12  0:01  Drone  
  13  0:13  Overlord  
  13  0:17  Drone  
  14  0:31  Drone x2  
  14  0:34  Drone  
  17  0:55  Extractor  
  16  0:57  Spawning Pool  
  16  1:00  Drone x2  
  17  1:11  Drone  
  18  1:28  Drone  
  19  1:33  Hatchery  
  18  1:45  Zergling x4  
  18  1:47  Queen  
  20  1:52  Overlord  
  22  2:08  Metabolic Boost  
  22  2:12  Drone  
  23  2:20  Drone  
  24  2:32  Baneling Nest  
  24  2:35  Drone x2  
  24  2:37  Queen  
  27  2:49  Queen  
  29  2:55  Drone  
  30  3:06  Drone, Hatchery  
  30  3:12  Overlord  
  30  3:20  Drone x3  
  30  3:25  Zergling x4  
  35  3:34  Zergling x6  
  35  3:39  Zergling x4  
  40  3:41  Zergling x2  
  40  3:43  Baneling x2  
  40  3:45  Baneling  
  41  3:49  Zergling x4  
  43  4:01  Zergling x4  
  43  4:04  Overlord x2  
  42  4:28  Zergling x12  
  43  4:38  Zergling x2  
  43  4:42  Drone x2  
  32  4:48  Zergling x6  
  32  4:50  Zergling x4  
  37  5:05  Zergling x6  
  40  5:11  Baneling  
  40  5:12  Baneling  
  40  5:17  Baneling  
  40  5:18  Baneling x2  
  31  5:41  Zergling x12  
  33  5:57  Baneling x6  
  33  6:05  Zergling x2  
  33  6:06  Zergling x2  
  35  6:16  Zergling x4  
  31  6:32  Zergling x8  
  34  6:41  Zergling x4  
  34  6:46  Baneling x2  
  34  6:55  Zergling x4  
  32  7:13  Baneling  
  30  7:18  Zergling x10  
  33  7:26  Zergling x4  
  35  7:33  Zergling x2  
  35  7:34  Zergling x2  
  36  7:40  Zergling x2  
  35  7:59  Zergling x2  
  35  8:00  Zergling x8  
  35  8:01  Baneling  
  35  8:02  Baneling  
  34  8:23  Roach Warren  
  26  8:38  Drone x4  
  26  8:39  Drone  
  28  8:46  Drone  
  29  9:01  Drone x3  
  29  9:02  Drone  
  33  9:17  Roach  
  33  9:18  Roach x2  
  33  9:22  Roach  
  41  9:30  Roach  
  41  9:31  Roach  
  45  9:37  Roach  
  47  9:44  Extractor  
  46  9:47  Roach  
  46  9:48  Drone x2  
  46  9:50  Drone  
  51  9:58  Roach  
  51  9:59  Drone  
  55  10:00  Drone  
  55  10:04  Roach  
  57  10:12  Roach  
  57  10:14  Drone x2  
  61  10:21  Baneling  
  61  10:23  Roach  
  61  10:27  Drone x3  
  66  10:35  Overlord  
  66  10:36  Overlord  
  65  10:50  Pneumatized Carapace  
  65  10:51  Roach  
  57  11:10  Roach x2  
  57  11:11  Roach x3  
  65  11:21  Roach x2  
  69  11:27  Extractor  
  68  11:39  Ravager  
  67  11:42  Roach x4  
  70  11:47  Zergling x22  
  81  12:00  Lair  
  79  12:12  Roach  
  79  12:13  Overlord x3  
  81  12:18  Overlord  
  81  12:19  Overlord  
  79  12:28  Ravager  
  70  12:32  Roach  
  70  12:33  Roach x2  
  61  12:45  Drone x3  
  61  12:57  Glial Reconstitution  
  61  13:00  Drone x9  
  70  13:09  Extractor  
  69  13:18  Evolution Chamber  
  68  13:27  Overseer x2  
  68  13:29  Roach  
  68  13:30  Roach x6  
  68  13:32  Drone  
  68  13:33  Drone  
  84  13:42  Drone x5  
  89  13:52  Roach x4  
  97  13:57  Zerg Missile Weapons Level 1  
  97  13:59  Roach  
  99  14:07  Drone  
  99  14:08  Drone x4  
  104  14:13  Overlord x2  
  104  14:22  Roach  
  106  14:25  Overlord x3  
  106  14:42  Ravager  
  106  14:43  Ravager x6  
  106  14:45  Overseer  
  113  14:47  Roach x2  
  117  15:02  Roach x6  
  129  15:16  Drone x4  
  129  15:17  Drone x2  
  129  15:19  Extractor x2  
  129  15:21  Drone x11, Spire  
  143  15:42  Overseer  
  119  15:52  Overseer  
  119  15:54  Roach x8  
  119  15:55  Roach  
  84  16:41  Overseer  
  75  17:25  Drone x3  
  75  17:27  Drone x2  
  78  18:11  Hatchery  
  69  18:16  Roach x2  
  69  18:17  Roach x7  
  87  18:38  Roach x6  
  99  18:42  Ravager x5  
  104  18:51  Roach x2  
  108  19:08  Spawning Pool  
  107  19:13  Roach x8  
  107  19:16  Overlord  
  119  19:33  Burrow  
  119  19:41  Roach x4  
  119  19:42  Roach x5  
  119  19:44  Overlord x3  
  137  20:01  Lair  
  118  20:29  Lair  
  117  20:58  Overseer x5  
  117  21:35  Roach x14  
  139  22:15  Roach  
  139  22:26  Hatchery  
  138  22:38  Roach  
  138  22:39  Overlord x9  
  140  23:09  Hatchery  
  139  23:17  Hatchery  
  139  23:19  Mutalisk x2  
  138  23:20  Mutalisk x8  
  151  23:35  Mutalisk  
  153  24:08  Roach x13  
Tags
 
Add a new tag
Caveats
  • Supply blocks, unpowered buildings, or Contaminate may cause inaccurate times.
  • Supply counts are checked every 10 seconds.